 Dungeon Crawl Stone Soup version 0.30-a0-718-geaa24f58ff (webtiles) character file.

Game seed: 16162549749272574074

10136 pokeman the Thaumaturge (level 11, 0/60 HPs)
             Began as a Deep Elf Hedge Wizard on Jan 25, 2023.
             Was an Elder of Vehumet.
             Hit by a large rock thrown by a stone giant (43 damage)
             ... on level 10 of the Dungeon.
             The game lasted 00:35:24 (13642 turns).

pokeman the Thaumaturge (Deep Elf Hedge Wizard)    Turns: 13642, Time: 00:35:24

Health: 0/60       AC: 10    Str:  7    XL:     11   Next: 32%
Magic:  30/30      EV: 13    Int: 30    God:    Vehumet [****..]
Gold:   1358       SH:  0    Dex: 14    Spells: 23/37 levels left

rFire   . . .      SeeInvis .    U - +3 quarterstaff (spect)
rCold   . . .      Faith    .    (shield currently unavailable)
rNeg    . . .      Spirit   .    G - +0 steam dragon scales
rPois   .          Reflect  .    X - +2 hat {Will+}
rElec   .          Harm     .    W - +0 cloak
rCorr   .          Rampage  .    (no gloves)
Will    ++...                    T - +0 pair of boots
Stlth   ++                       t - amulet of regeneration
HPRegen 1.10/turn                q - +6 ring of intelligence
MPRegen 0.22/turn                y - ring of flight

@: flying
A: no striking features
a: Renounce Religion


You were on level 10 of the Dungeon.
You worshipped Vehumet.
Vehumet was greatly pleased with you.
You visited 2 branches of the dungeon, and saw 11 of its levels.
You also visited: Sewer, Ossuary and Bailey.

You collected 1405 gold pieces.
You spent 47 gold pieces at shops.

Inventory:

Hand Weapons
 J - the +0 spear of Subterfuge {freeze, MP+9 Dex+2 SInv Stlth+}
   (You took it off an orc on level 4 of the Dungeon)

   Dex:       It affects your dexterity (+2).
   MP:        It affects your magic capacity (+9).
   SInv:      It lets you see invisible.
   Stlth:     It makes you more stealthy.
 U - a +3 spectral quarterstaff (weapon)
Missiles
 i - 2 curare-tipped darts
 I - 2 throwing nets
Armour
 G - +0 steam dragon scales (worn)
 T - a +0 pair of boots (worn)
 W - a +0 cloak (worn)
 X - a +2 hat of willpower (worn)
Jewellery
 q - a +6 ring of intelligence (left hand)
 t - an amulet of regeneration (around neck)
 y - a ring of flight (right hand)
 H - a ring of fire
Wands
 O - a wand of paralysis (17)
 P - a wand of polymorph (2)
 V - a wand of digging (2)
Scrolls
 r - 7 scrolls of teleportation
 z - 4 scrolls of magic mapping
 B - 2 scrolls of blinking {unknown}
 D - 2 scrolls of immolation {unknown}
 F - a scroll of summoning {unknown}
 M - a scroll of fear {unknown}
 R - a scroll of silence {unknown}
Potions
 d - 5 potions of magic
 g - 3 potions of heal wounds
 k - 8 potions of curing
 n - 3 potions of degeneration {unknown}
 s - 2 potions of lignification {unknown}
 A - a potion of invisibility {unknown}
 E - a potion of attraction {unknown}
 L - 6 potions of brilliance {unknown}
 N - 2 potions of haste


   Skills:
 + Level 3.8 Fighting
 - Level 4.0 Armour
 - Level 3.0 Dodging
 - Level 3.0 Stealth
 * Level 13.7 Spellcasting
 + Level 7.8 Conjurations
 + Level 6.9 Summonings
 + Level 7.1 Necromancy
 - Level 1.1 Translocations
 + Level 5.6 Fire Magic
 - Level 1.2 Ice Magic
 - Level 2.0 Air Magic
 - Level 1.0 Poison Magic
 - Level 1.1 Evocations


You had 23 spell levels left.
You knew the following spells:

 Your Spells              Type           Power      Damage    Failure   Level
a - Magic Dart            Conj           100%       1d8       1%          1
b - Mephitic Cloud        Conj/Pois/Air  42%        N/A       1%          3
c - Call Imp              Summ           58%        N/A       1%          2
d - Blink                 Tloc           54%        N/A       2%          2
e - Foxfire               Conj/Fire      100%       2x1d9     1%          1
f - Freezing Cloud        Conj/Ice/Air   21%        6-21      4%          5

Your spell library contained the following spells:

 Spells                   Type           Power      Damage    Failure   Level
 Apportation              Tloc           54%        N/A       1%          1
 Cigotuvi's Dreadful Rot  Necr/Pois/Air  80%        N/A       1%          2
 Slow                     Hex            80%        N/A       2%          1
 Lesser Beckoning         Tloc           54%        N/A       2%          2
 Arcjolt                  Conj/Air       25%        1d35      2%          5
 Vhi's Electric Charge    Tloc/Air       58%        N/A       3%          3
 Gell's Gravitas          Tloc           27%        N/A       4%          3
 Teleport Other           Tloc           27%        N/A       4%          3
 Portal Projectile        Hex/Tloc       46%        N/A       6%          3
 Tukima's Dance           Hex            20%        N/A       7%          3
 Petrify                  Tmut/Erth      20%        N/A       24%         4
 Metabolic Englaciation   Hex/Ice        12%        N/A       45%         5
 Alistair's Intoxication  Tmut/Pois      15%        N/A       47%         5
 Blade Hands              Tmut           10%        N/A       54%         5
 Dispersal                Tloc           13%        N/A       93%         6
 Statue Form              Tmut/Erth      13%        N/A       98%         6
 Maxwell's Capacitive Co  Air            16%        ∞         100%        8


Dungeon Overview and Level Annotations

Branches:
Dungeon (10/15)            Temple (1/1) D:5            Lair (0/5) D:8
  Sewer (visited)         Ossuary (visited)          Bailey (visited)
    Orc: D:9-12

Altars:
Ashenzari
Cheibriados
Elyvilon
Fedhas
Gozag
Hepliaklqana
Nemelex Xobeh
Ru
Sif Muna
Trog
Vehumet
Xom
Yredelemnul

Shops:
D:2 *[[   D:10 (


Message History

You start resting.
Magic restored.
A tengu comes into view.
Casting: Freezing Cloud (dangerous; 4% risk of failure)
Confirm with . or Enter, or press ? or * to list all spells.
Aiming: Freezing Cloud (dangerous; 4% risk of failure)
Press: ? - help, Dir - move target That beam is likely to hit you.
Continue anyway?
The tengu shouts!
You hear a shout!
The tengu is engulfed in freezing vapours.
The tengu is engulfed in freezing vapours.
You kill the tengu!
Vehumet accepts your kill.
You feel your power returning.
The tengu's shape twists and changes as it dies.
You start resting.
Magic restored.
There is a stone staircase leading down here.
Found a mace.
A stone giant comes into view.
The stone giant shouts!
Press: ? - help, v - describe, . - travel
Here: a stone giant, quivering large rocks The floor.
Unknown command.
Aiming: Paralyse
Press: ? - help, Shift-Dir - straight line, f - stone giant
Aim: a stone giant, quivering large rocks (chance to affect: 9%)
Okay, then.
Unknown command.
Aiming: Polymorph
Press: ? - help, Shift-Dir - straight line, f - stone giant
Aim: a stone giant, quivering large rocks (will become a sea snake, a shadow dragon, or a great orb of eyes, chance to affect: 9%)
Okay, then.
Unknown command.
Unknown command.
The stone giant throws a large rock.
The large rock hits you!!
The stone giant throws a large rock.
The large rock hits you!!!
Ouch! That really hurt!
You die...

#######....#
...).......#
#######.####
#.# #.# #.# #.#
#############.#
#..C....@.....#
#.#############
.. ..# ##


You could see a stone giant.

Vanquished Creatures
  Gastronok (D:9)
  An ogre mage (D:10)
  A two-headed ogre (D:10)
  A mana viper (shapeshifter) (D:10)
  Maurice (D:8)
  Joseph (D:8)
  2 trolls
  A hornet (D:10)
  A wyvern (D:9)
  A yak (D:10)
  A vampire mosquito (D:6)
  3 steam dragons
  A warg (D:8)
  A water moccasin (D:5)
  3 orc warriors
  2 sky beasts
  2 black bears
  An ogre (D:6)
  A tengu (shapeshifter) (D:10)
  5 centaurs
  3 phantoms
  An elf zombie (D:4)
  3 bullfrogs
  3 kobold brigands
  2 necrophages (D:6)
  2 gnoll sergeants
  6 scorpions
  7 wights
  7 killer bees
  2 howler monkeys
  9 hounds
  3 jellies
  9 orc priests
  2 gnoll boudas
  6 iguanas
  2 human skeletons (D:4)
  14 orc wizards
  12 mummies (Ossuary)
  26 gnolls
  6 adders
  4 river rats (Sewer)
  2 shadow imps
  A worm (D:2)
  A dart slug (D:1)
  48 orcs
  3 bats
  2 endoplasms
  12 giant cockroaches
  8 goblins
  5 hobgoblins
  4 jackals (D:4)
  22 kobolds
  3 quokkas
  9 ball pythons
  10 frilled lizards
  A gnoll skeleton (Ossuary)
  2 goblin skeletons (Ossuary)
  3 kobold skeletons (Ossuary)
  4 orc skeletons
  An orc zombie (D:4)
  11 rats
  11 rat skeletons (Ossuary)
  3 butterflies (D:6)
326 creatures vanquished.

Vanquished Creatures (collateral kills)
  A scorpion (D:6)
  2 killer bees
  An iguana (D:5)
  2 orcs (D:4)
  A foxfire (D:7)
7 creatures vanquished.

Vanquished Creatures (others)
  613 foxfires
  3 fungi (D:7)
  A plant (D:8)
617 creatures vanquished.

Grand Total: 950 creatures vanquished

Notes
Turn   | Place    | Note
-------+----------+-------------------------------------------
     0 | D:1      | pokeman the Deep Elf Hedge Wizard began the quest for the
                  | Orb.
     0 | D:1      | Reached XP level 1. HP: 10/10 MP: 7/7
   460 | D:1      | Reached XP level 2. HP: 16/16 MP: 6/9
  1115 | D:1      | Reached skill level 5 in Spellcasting
  1410 | D:2      | Reached XP level 3. HP: 19/20 MP: 5/11
  1414 | D:2      | Learned a level 3 spell: Mephitic Cloud
  1417 | D:2      | Learned a level 2 spell: Call Imp
  1420 | D:2      | Learned a level 2 spell: Blink
  1527 | D:2      | Found Nifoenwa's Antique Armour Emporium.
  2077 | D:2      | Found Jossoih's Antique Armour Boutique.
  2100 | D:2      | Found Jyumyfuc's Assorted Antiques.
  2125 | D:2      | Reached skill level 1 in Fighting
  2125 | D:2      | Reached skill level 1 in Armour
  2140 | D:2      | Bought a scroll labelled JIMIRGHA YCRESA for 25 gold pieces
  2140 | D:2      | Bought a clear potion for 22 gold pieces
  2296 | D:2      | Found a faded altar of an unknown god.
  2431 | D:3      | Found a sacrificial altar of Ru.
  2474 | D:3      | Found a snail-covered altar of Cheibriados.
  2605 | D:3      | Reached XP level 4. HP: 20/25 MP: 8/13
  2689 | D:3      | Found a glowing drain.
  2713 | Sewer    | Entered a sewer
  2928 | Sewer    | Reached skill level 6 in Spellcasting
  2928 | Sewer    | Reached XP level 5. HP: 29/29 MP: 9/15
  3063 | Sewer    | Reached skill level 1 in Poison Magic
  3789 | D:3      | Found a faded altar of an unknown god.
  3789 | D:3      | Found a shimmering altar of Xom.
  3797 | D:3      | Found a white marble altar of Elyvilon.
  3799 | D:3      | Found a hazy altar of Hepliaklqana.
  3801 | D:3      | Found a shimmering blue altar of Sif Muna.
  3960 | D:4      | Noticed a phantom
  4012 | D:4      | Killed a phantom
  4013 | D:4      | Reached skill level 1 in Air Magic
  4028 | D:4      | Reached XP level 6. HP: 13/34 MP: 1/17
  4168 | D:4      | Found a sand-covered staircase.
  4184 | D:4      | Reached skill level 7 in Spellcasting
  4187 | Ossuary  | Entered an ossuary
  5008 | Ossuary  | Reached XP level 7. HP: 25/39 MP: 13/20
  5622 | D:4      | Reached skill level 8 in Spellcasting
  5633 | D:4      | Identified the +0 spear of Subterfuge {freeze, MP+9 Dex+2
                  | SInv Stlth+}
  6114 | D:5      | Entered Level 5 of the Dungeon
  6136 | D:5      | Found a staircase to the Ecumenical Temple.
  6142 | Temple   | Entered the Ecumenical Temple
  6159 | Temple   | Became a worshipper of Vehumet
  6271 | D:5      | Reached skill level 1 in Necromancy
  6289 | D:5      | Reached XP level 8. HP: 18/44 MP: 0/22
  6774 | D:5      | Reached skill level 9 in Spellcasting
  7790 | D:6      | Reached skill level 5 in Conjurations
  7796 | D:6      | Reached * piety under Vehumet
  7796 | D:6      | Offered knowledge of Foxfire by Vehumet.
  7799 | D:6      | Learned a level 1 spell: Foxfire
  7877 | D:6      | Found a basalt altar of Yredelemnul.
  8005 | D:6      | Reached skill level 1 in Evocations
  8008 | D:6      | Reached skill level 10 in Spellcasting
  8008 | D:6      | Reached skill level 1 in Fire Magic
  8189 | D:6      | Reached XP level 9. HP: 36/48 MP: 25/25
  8203 | D:6      | Found a runed translucent door.
  8208 | D:6      | Found a runed translucent door.
  8474 | D:6      | Found a broken altar of Ashenzari.
  8912 | D:7      | Reached skill level 11 in Spellcasting
  9124 | D:7      | Found a flagged portal.
  9131 | D:7      | Identified the +2 spear of Suejuef {heavy, rF- Dex+7
                  | Stlth+}
  9134 | Bailey   | Entered a bailey
  9200 | Bailey   | Reached ** piety under Vehumet
  9263 | Bailey   | Offered knowledge of Shock by Vehumet.
  9693 | D:7      | Reached skill level 5 in Summonings
  9856 | D:7      | Reached skill level 5 in Necromancy
  9924 | D:7      | Offered knowledge of Hailstorm by Vehumet.
 10358 | D:8      | Reached XP level 10. HP: 43/53 MP: 20/27
 10359 | D:8      | Noticed Joseph
 10387 | D:8      | Killed Joseph
 10438 | D:8      | Reached skill level 12 in Spellcasting
 10451 | D:8      | Reached *** piety under Vehumet
 10766 | D:8      | Found a staircase to the Lair.
 10784 | D:8      | Noticed Maurice
 10886 | D:8      | Killed Maurice
 10886 | D:8      | Offered knowledge of Frozen Ramparts by Vehumet.
 11083 | D:8      | Found an opulent altar of Gozag.
 11313 | D:8      | Identified a scroll of acquirement
 11322 | D:8      | Acquired 796 gold pieces
 11355 | D:9      | Noticed Gastronok
 11774 | D:9      | Reached **** piety under Vehumet
 11882 | D:9      | Offered knowledge of Freezing Cloud by Vehumet.
 11895 | D:9      | Learned a level 5 spell: Freezing Cloud
 12031 | D:9      | Found a sparkling altar of Nemelex Xobeh.
 12833 | D:9      | Killed Gastronok
 12834 | D:9      | Reached skill level 13 in Spellcasting
 12834 | D:9      | Reached skill level 5 in Fire Magic
 12834 | D:9      | Reached skill level 1 in Ice Magic
 12834 | D:9      | Reached XP level 11. HP: 46/60 MP: 18/30
 13129 | D:10     | Entered Level 10 of the Dungeon
 13378 | D:10     | Found Teejib's Weapon Boutique.
 13396 | D:10     | Noticed a two-headed ogre
 13404 | D:10     | Noticed a mana viper
 13405 | D:10     | Killed a two-headed ogre
 13405 | D:10     | Noticed a centaur warrior
 13408 | D:10     | Killed a mana viper
 13486 | D:10     | Noticed an ogre mage
 13491 | D:10     | Killed an ogre mage
 13637 | D:10     | Noticed a stone giant
 13642 | D:10     | Hit by a large rock thrown by a stone giant

Illustrated notes

Levels and vault maps discovered:
D:1:      heliophobic_arrival_ceremonial_halls, layout_loops_corners,
          serial_bayou_lake_a
D:2:      wad_pebble_path, layout_loops_ring, serial_shops, shop_statue,
          shop_fountains, shop, dreamdust_ecumenical_altar_hidden_monk_grotto,
          minmay_pentomino_z2
D:3:      layout_loops_corners, mainiacjoe_overflow_chevrons,
          chequers_temple_overflow_minitemple, cheibriados_altar_1,
          gup_sewer_entry_glass
D:4:      layout_cave_pools, nicolae_ossuary_entry_catacombs
D:5:      wad_crossroads, layout_loops_corners, minmay_temple_entry_hall
D:6:      lemuel_insect_pit, layout_loops_ring, amcnicky_altar_gilded,
          general_overflow_altar, serial_glass, glass_columns_c,
          glass_columns_c, glass_columns_a, glass_columns_b, minmay_checkerbox
D:7:      kennysheep_steamy, layout_basic, enter_bailey_2
D:8:      layout_basic, grunt_gozag_breadcrumbs, erik_lair_orcish_takeover,
          serial_corexii_hall, chequers_hall_statues_wall_a,
          corexii_hall_statues_t, corexii_hall_statues_s, uniq_joseph,
          uniq_maurice
D:9:      layout_stronghold, mainiacjoe_overflow_alcove_4, uniq_gastronok
D:10:     layout_loops_ring, hiddenorc1_lemuel, serial_shops,
          nicolae_shop_bloodbath_and_beyond, nicolae_rejected_hall
Temple:   hc_temple_tempest_star

Skill      XL: |  1  2  3  4  5  6  7  8  9 10 11 |
---------------+----------------------------------+-----
Spellcasting   | 5 6 7 8 10 11 13 | 13.7
Fighting       | 1 2 3 |  3.8
Armour         | 1 2 3 4 |  4.0
Conjurations   | 2 3 4 5 6 7 |  7.8
Stealth        | 3 |  3.0
Dodging        | 3 |  3.0
Poison Magic   | 1 |  1.0
Air Magic      | 1 2 |  2.0
Summonings     | 2 4 5 6 |  6.9
Necromancy     | 1 3 5 6 7 |  7.1
Evocations     | 1 |  1.1
Fire Magic     | 1 3 5 |  5.6
Ice Magic      | 1 |  1.2
Translocations | |  1.1

Action                     |  1- 3 |  4- 6 |  7- 9 | 10-12 || total
---------------------------+-------+-------+-------+-------++-------
  Melee: Whip              |     9 |    97 |    65 |       ||   171
         Punch             |       |     1 |       |       ||     1
         Double sword      |       |       |    53 |     9 ||    62
         Quarterstaff      |       |       |       |    27 ||    27
   Cast: Magic Dart        |   100 |   150 |   190 |       ||   440
         Mephitic Cloud    |     1 |     5 |    27 |    15 ||    48
         Call Imp          |       |     3 |     4 |       ||     7
         Blink             |       |     1 |     3 |       ||     4
         Foxfire           |       |       |   169 |   172 ||   341
         Freezing Cloud    |       |       |       |    11 ||    11
  Evoke: Wand              |       |       |     2 |     2 ||     4
    Use: Scroll            |       |       |       |    18 ||    18
   Stab: Confused          |     1 |     2 |     9 |     2 ||    14
         Distracted        |       |     1 |       |       ||     1
         Paralysed         |       |       |     3 |       ||     3
 Armour: Robe              |     3 |    20 |    21 |       ||    44
         Steam dragon scal |       |       |    13 |    13 ||    26
  Dodge: Dodged            |    12 |    66 |   126 |    20 ||   224

Table legend: (Time is in decaauts)
 A = Elapsed time spent in this place.
 B = Non-inter-level travel time spent in this place.
 C = Inter-level travel time spent in this place.
 D = Time resting spent in this place.
 E = Time spent auto-exploring this place.
 F = Levels seen in this place.
 G = Mean time per level.
                   A        B        C        D        E       F      G
               +--------+--------+--------+--------+--------+-----+--------+
         Total |  13766 |  13156 |    610 |    452 |   9888 |  14 |  983.3 |
       Dungeon |  11566 |  10976 |    590 |    452 |   8312 |  10 | 1156.6 |
        Temple |     63 |     43 |     20 |      0 |      8 |   1 |   63.0 |
         Sewer |    593 |    593 |      0 |      0 |    455 |   1 |  593.0 |
       Ossuary |   1042 |   1042 |      0 |      0 |    807 |   1 | 1042.0 |
        Bailey |    499 |    499 |      0 |      0 |    305 |   1 |  499.0 |
               +--------+--------+--------+--------+--------+-----+--------+

Top non-repeatable levels by time:
     D:5: 1490 daAuts
     D:9: 1464 daAuts
     D:1: 1392 daAuts
     D:6: 1371 daAuts
     D:8: 1209 daAuts
     D:4: 1153 daAuts
 Ossuary: 1042 daAuts
     D:3: 1004 daAuts
     D:2: 1003 daAuts
     D:7: 960 daAuts
   Sewer: 593 daAuts
    D:10: 515 daAuts
  Bailey: 499 daAuts
  Temple: 63 daAuts
